 Dungeon Crawl Stone Soup version 0.28.0-53-g5a82cb258f (webtiles) character file.

Game seed: 10069491384950900510

22201 Brecoman the Fighter (level 13, -10/101 HPs)
             Began as a Djinni Hedge Wizard on Aug 9, 2022.
             Was an Initiate of Gozag.
             Mangled by a komodo dragon (13 damage)
             ... on level 3 of the Lair of Beasts on Aug 13, 2022.
             The game lasted 01:21:41 (24242 turns).

Brecoman the Fighter (Djinni Hedge Wizard)         Turns: 24242, Time: 01:21:42

Health: -10/101    AC: 15    Str: 13    XL:     13   Next: 25%
Gold:   1364       EV: 12    Int: 16    God:    Gozag SH:  0 Dex: 14

rFire   + + .      SeeInvis .   A - +5 demon whip (elec)
rCold   x . .      Faith    .   (no shield)
rNeg    . . .      Spirit   .   w - +4 ring mail of the Disturbing Artists {rCorr}
rPois   ∞          Reflect  .   c - +2 helmet
rElec   .          Harm     .   e - +1 cloak
rCorr   +          Rampage  .   (no gloves)
Will    +....                   (boots unavailable)
Stlth   +.........              (no amulet)
HPRegen 0.26/turn               b - ring of fire
MPRegen 0.00/turn               u - ring of ice

@: flying
A: sickness immunity, fire resistance 2, cold vulnerability 1, float, innate
caster, HP casting, extra vitality 1
a: Renounce Religion, Potion Petition, Call Merchant, Bribe Branch


You were on level 3 of the Lair of Beasts.
You worshipped Gozag.
Gozag was most pleased with you.
You visited 2 branches of the dungeon, and saw 15 of its levels.

You collected 2357 gold pieces.
You spent 572 gold pieces at shops.
You paid 421 gold pieces to Gozag.

Inventory:

Hand Weapons
 A - a +5 demon whip of electrocution (weapon)
Missiles
 d - 343 stones
 z - 2 throwing nets
Armour
 c - a +2 helmet (worn)
 e - a +1 cloak (worn)
 t - a +0 helmet
 w - the +4 ring mail of the Disturbing Artists (worn) {rCorr}
   (You took it off a wight on level 6 of the Dungeon)

   rCorr:     It protects you from acid and corrosion.
Jewellery
 b - a ring of fire (left hand)
 o - a ring of resist corrosion
 u - a ring of ice (right hand)
 y - a ring of protection from fire
Wands
 g - a wand of iceblast (14)
 h - a wand of paralysis (29)
 k - a wand of polymorph (5)
 C - a wand of acid (6)
Scrolls
 j - 10 scrolls of teleportation
 v - a scroll of enchant armour
 B - a scroll of fear
 D - a scroll of fog {unknown}
 E - a scroll of identify
 F - 3 scrolls of magic mapping {unknown}
Potions
 a - 2 potions of ambrosia
 f - 6 potions of curing
 l - 2 potions of haste
 m - 2 potions of resistance
 n - a potion of flight
 p - 2 potions of attraction
 q - 3 potions of lignification
 r - 2 potions of cancellation
 s - 3 potions of might {unknown}
 x - 2 potions of brilliance {unknown}


   Skills:
 + Level 12.2 Fighting
 - Level 12.0 Maces & Flails
 + Level 3.9 Armour
 + Level 5.0 Dodging
 - Level 1.5 Stealth
 + Level 7.0 Spellcasting


You couldn't memorise any spells.
You knew the following spells:

 Your Spells              Type           Power      Damage    Failure   Level
a - Magic Dart            Conj           100%       1d8       1%          1
b - Blink                 Tloc           56%        N/A       2%          2
c - Call Imp              Summ           28%        N/A       2%          2
d - Slow                  Hex            100%       N/A       1%          1
e - Conjure Flame         Conj/Fire      42%        6-21      4%          3
f - Mephitic Cloud        Conj/Pois/Air  28%        N/A       4%          3
g - Beastly Appendage     Tmut           56%        N/A       1%          1
h - Scorch                Fire           84%        2d9       2%          2
i - Summon Guardian Gole  Hex/Summ       28%        N/A       4%          3
j - Cause Fear            Hex            14%        N/A       14%         4
k - Animate Armour        Summ/Erth      56%        N/A       14%         4
l - Irradiate             Conj/Tmut      14%        3d18      36%         5
Your spell library was empty.

Dungeon Overview and Level Annotations

Branches:
Dungeon (11/15)            Temple (0/1) D:7            Lair (4/6) D:9
 Shoals (0/4) Lair:2       Spider (0/4) Lair:2
    Orc: D:9-12

Altars:
Cheibriados
Gozag
Hepliaklqana
Makhleb
Okawaru
Ru
Trog
Zin

Shops:
D:1 ?   D:10 *

Annotations:
D:9 2 transporters, Qrupt's ghost, novice HOCA


Innate Abilities, Weirdness & Mutations

You are immune to sickness and miasma.
You are immune to poison.
Your flesh is very heat resistant. (rF++)
You are vulnerable to cold. (rC-)
You float through the air rather than walking.
You learn spells naturally, not from books.
Your magical power is your life essence.
You have superior vitality. (+4 MHP)


Message History

You feel a surge of power!
Flames lash the komodo dragon.
The komodo dragon is burned terribly!
The komodo dragon is heavily wounded.
The komodo dragon bites you!!
Your shadow imp hits the komodo dragon but does no damage.
Casting: Scorch (safe; 2% risk of failure)
Confirm with . or Enter, or press ? or * to list all spells.
You feel a surge of power!
Flames lash the cane toad.
The cane toad is moderately wounded.
The cane toad's fire resistance burns away.
The komodo dragon bites you!!
* * * LOW HITPOINT WARNING * * *
Your shadow imp hits the komodo dragon but does no damage.
Your shadow imp hits the komodo dragon but does no damage.
A basilisk comes into view.
The cane toad barely misses your shadow imp.
The cane toad stings your shadow imp but does no damage.
The cane toad is no longer more vulnerable to fire.
The cane toad closely misses your shadow imp.
Your shadow imp gestures at the komodo dragon.
The komodo dragon resists with significant effort.
The komodo dragon is no longer more vulnerable to fire.
Your shadow imp hits the cane toad.
The cane toad stings your shadow imp!!
Your shadow imp dies!
Your shadow imp disappears in a puff of smoke!
Okay, then.
Aiming: Dig
Press: ? - help, Shift-Dir - straight line A rock wall.
The rock shatters into small pieces.
The now-empty wand crumbles to dust.
The komodo dragon bites you.
* * * LOW HITPOINT WARNING * * *
There is a stone staircase leading up here.
The komodo dragon bites you!!
* * * LOW HITPOINT WARNING * * *
You fly upwards.
There is a stone staircase leading down here.
The komodo dragon bites you!
You die...
Your body crumbles into a pile of gold.

........## #........>............
........# #......>..............
........## ##...##.........#.....
........P###.....##.......#......
......#P.##.......##.....#.......
.........#..##.....#....##.......
........##.##...##......##.......
.....#.##...........#..###.......
..#.#####.:.....@#...#.##........
.##.8..#..##.8.8l##..#..#........
.#................#..............
.#8.<..+..#...>........#.........
.......#..#..........#>..........
....8.#...##.8.8.#...#.#.........
..####..#........#..##.#.........
........#...........##........###
...........##...##.###......####.


You could see a komodo dragon.

Vanquished Creatures
  Harold (Lair:1)
  2 two-headed ogres
  A hydra (Lair:3)
  Nergalle (Lair:1)
  Sonja (Lair:1)
  An oklob plant (Lair:2)
  An ugly thing (D:8)
  A manticore (Lair:1)
  6 black mambas
  A kobold demonologist (D:10)
  An unseen horror (D:9)
  4 komodo dragons
  An efreet (D:8)
  A polar bear (Lair:4)
  A wind drake (Lair:1)
  6 blink frogs
  A yak (shapeshifter) (D:7)
  4 wyverns
  11 yaks
  6 basilisks
  A steam dragon (D:8)
  16 water moccasins
  An ice beast (D:5)
  An orc warrior (D:9)
  A black bear (D:6)
  An ogre (D:4)
  7 wolves
  A phantom (D:5)
  4 centaurs
  3 kobold brigands
  12 bullfrogs
  2 scorpions
  A water moccasin skeleton (D:7)
  4 howler monkeys
  3 wights
  An electric eel (D:6)
  2 centaur zombies
  2 gnoll shamans
  2 bullfrog zombies (D:6)
  6 orc priests
  2 bullfrog skeletons (D:5)
  2 hounds
  A jelly (D:3)
  Ijyb (D:4)
  3 iguanas
  10 orc wizards
  A killer bee zombie (D:9)
  A hound skeleton (D:5)
  Robin (D:4)
  6 adders
  10 gnolls
  2 white imps
  An ufetubus (D:4)
  An adder skeleton (D:4)
  2 worms
  41 orcs
  6 bats
  7 endoplasms
  A giant cockroach (D:4)
  8 hobgoblins
  3 jackals (D:2)
  5 quokkas
  6 ball pythons
  10 frilled lizards
  14 goblins
  9 kobolds
  6 rats
  A butterfly (Lair:1)
284 creatures vanquished.

Vanquished Creatures (collateral kills)
  A blink frog (Lair:3)
  A black bear (D:4)
  An ogre (D:4)
  Blork the orc (D:4)
  A scorpion (D:3)
  A gnoll (D:5)
  A worm (D:3)
  An endoplasm (D:1)
  2 goblins (D:4)
  A kobold (D:7)
11 creatures vanquished.

Vanquished Creatures (others)
  A boulder beetle (D:8)
  A two-headed ogre (D:8)
  Urug (D:10)
  A cane toad (Lair:1)
  A blink frog (Lair:1)
  A yak (D:9)
  A basilisk (Lair:1)
  A water moccasin (Lair:1)
  An orc warrior (D:8)
  A black bear (Lair:1)
  An ogre (D:5)
  2 wolves (Lair:1)
  2 orcs (D:7)
  A butterfly (Lair:1)
  9 fungi
  35 plants
60 creatures vanquished.

Grand Total: 355 creatures vanquished

Notes
Turn   | Place    | Note
-------+----------+-------------------------------------------
     0 | D:1      | Brecoman the Djinni Hedge Wizard began the quest for the
                  | Orb.
     0 | D:1      | Reached XP level 1. HP: 15/15 MP: 0/0
   242 | D:1      | Found Pusox Vast's Magic Scroll Shoppe.
   292 | D:1      | Reached skill level 1 in Fighting
   293 | D:1      | Reached XP level 2. HP: 11/22 MP: 0/0
   803 | D:1      | Found a faded altar of an unknown god.
  1186 | D:1      | Reached XP level 3. HP: 27/28 MP: 0/0
  1186 | D:1      | Learned a level 1 spell: Beastly Appendage
  1927 | D:2      | Reached XP level 4. HP: 25/34 MP: 0/0
  2145 | D:2      | Found an iron altar of Okawaru.
  2994 | D:3      | Noticed a scorpion
  3015 | D:3      | Killed a scorpion
  3016 | D:3      | Reached XP level 5. HP: 20/41 MP: 0/0
  3016 | D:3      | Learned a level 2 spell: Scorch
  3575 | D:3      | Found a sacrificial altar of Ru.
  3919 | D:4      | Noticed an ogre
  4194 | D:4      | Noticed Blork the orc
  4207 | D:4      | Killed Blork the orc
  4208 | D:4      | Reached XP level 6. HP: 37/48 MP: 0/0
  4433 | D:4      | Noticed a black bear
  4434 | D:4      | Noticed an ogre
  4480 | D:4      | Reached skill level 5 in Fighting
  4686 | D:4      | Noticed Robin
  4748 | D:3      | HP: 2/49 [hobgoblin/+0 long sword (8)]
  5024 | D:3      | Reached XP level 7. HP: 42/54 MP: 0/0
  5024 | D:3      | Learned a level 3 spell: Summon Guardian Golem
  5365 | D:4      | Killed Robin
  5548 | D:4      | Noticed Ijyb
  5557 | D:4      | Killed Ijyb
  5991 | D:5      | Entered Level 5 of the Dungeon
  6089 | D:5      | Reached XP level 8. HP: 54/62 MP: 0/0
  6170 | D:5      | Found a snail-covered altar of Cheibriados.
  7241 | D:5      | Reached skill level 5 in Spellcasting
  7849 | D:5      | Reached XP level 9. HP: 69/71 MP: 0/0
  7849 | D:5      | Learned a level 4 spell: Cause Fear
  9384 | D:7      | Identified the +4 ring mail of the Disturbing Artists
                  | {rCorr}
 10251 | D:7      | Found an opulent altar of Gozag.
 10259 | D:7      | Became a worshipper of Gozag Ym Sagoz the Greedy
 10788 | D:7      | Reached skill level 10 in Fighting
 11001 | D:7      | Found a glowing silver altar of Zin.
 11057 | D:7      | Found a staircase to the Ecumenical Temple.
 11979 | D:8      | Identified the +0 chain mail of an ossuary {rN+ SInv}
 12482 | D:1      | Bought a scroll of acquirement for 572 gold pieces
 12482 | D:1      | Acquired a +5 demon whip of electrocution
 12672 | D:8      | Noticed a two-headed ogre
 12673 | D:8      | Noticed a white ugly thing
 12673 | D:8      | Noticed a salamander
 12688 | D:7      | Reached XP level 10. HP: 61/81 MP: 0/0
 12790 | D:7      | Reached skill level 1 in Maces & Flails
 12990 | D:8      | Reached skill level 1 in Armour
 13018 | D:8      | Killed a white ugly thing
 13359 | D:8      | Noticed a boulder beetle
 13413 | D:8      | Killed a boulder beetle
 13432 | D:8      | Killed a two-headed ogre
 13807 | D:8      | Noticed an efreet
 14055 | D:8      | Killed an efreet
 14425 | D:8      | Noticed a two-headed ogre
 14433 | D:8      | Killed a two-headed ogre
 14434 | D:8      | Reached XP level 11. HP: 75/87 MP: 0/0
 14434 | D:8      | Learned a level 4 spell: Animate Armour
 15186 | D:8      | Reached skill level 5 in Maces & Flails
 15291 | D:9      | Noticed a two-headed ogre
 15303 | D:9      | Killed a two-headed ogre
 16194 | D:9      | Noticed Qrupt's ghost (novice HOCA)
 16197 | D:9      | Found a transporter.
 16201 | D:9      | Found a transporter.
 16202 | D:9      | Found a bloodstained altar of Trog.
 16202 | D:9      | Noticed a tengu warrior
 16204 | D:9      | Identified the +1 robe of Xyoxuce {Dex+3}
 16204 | D:9      | Noticed a two-headed ogre
 16205 | D:9      | Noticed a two-headed ogre
 16206 | D:9      | Noticed a moth of wrath
 16649 | D:9      | Found a burning altar of Makhleb.
 16650 | D:9      | Found a hazy altar of Hepliaklqana.
 16678 | D:9      | Found a staircase to the Lair.
 16958 | D:10     | Entered Level 10 of the Dungeon
 17024 | D:10     | Noticed Urug
 17034 | D:10     | Killed Urug
 17572 | D:10     | Found Mitor's Assorted Antiques.
 17767 | D:10     | Noticed a sun demon
 17858 | D:11     | Noticed a sea snake
 17919 | Lair:1   | Entered Level 1 of the Lair of Beasts
 18233 | Lair:1   | Noticed Sonja
 18250 | Lair:1   | Killed Sonja
 18382 | Lair:1   | Reached XP level 12. HP: 59/94 MP: 0/0
 18806 | Lair:1   | Noticed Harold
 18814 | Lair:1   | Reached skill level 10 in Maces & Flails
 18848 | Lair:1   | Killed Harold
 19167 | Lair:1   | Noticed Nergalle
 19189 | Lair:1   | HP: 2/86 [Nergalle/bolt of negative energy (34)]
 19192 | Lair:1   | Killed Nergalle
 19559 | Lair:1   | Identified the +4 rapier "Usahot" {flame, Dex+4}
 19751 | Lair:2   | Found a staircase to the Shoals.
 20516 | Lair:2   | Found a hole to the Spider Nest.
 22215 | Lair:3   | Reached XP level 13. HP: 64/100 MP: 0/0
 22215 | Lair:3   | Learned a level 5 spell: Irradiate
 22752 | Lair:3   | Noticed an eight-headed hydra
 23147 | Lair:3   | Killed an eight-headed hydra
 24208 | Lair:4   | Reached skill level 5 in Dodging
 24238 | Lair:4   | HP: 2/101 [komodo dragon (22)]
 24242 | Lair:3   | Mangled by a komodo dragon

Illustrated notes

Levels and vault maps discovered:
D:1:      dpeg_arrival_signposts, layout_basic,
          chequers_ecumenical_altar_simple_redux, serial_shops, shop,
          minmay_lizard_pond
D:2:      minmay_angry_zag, layout_basic, basic_altar
D:3:      layout_basic, lemuel_tele_altar, serial_corexii_hall,
          chequers_hall_statues_y, corexii_hall_statues_deadend
D:4:      layout_rooms, grunt_tough_drop, uniq_ijyb, uniq_robin,
          uniq_blork_the_orc
D:5:      layout_basic, cheibriados_altar_1
D:6:      layout_loops_cross, hangedman_abyss_or_decor_stagger,
          hangedman_decor_slide_cut, eino_tiny_chamber, chequers_big_river
D:7:      layout_gridville, pdpol_temple_overflow_zin_treasury_gozag_greed,
          minmay_temple_entry_statues_fountains
D:8:      layout_loops_ring, minmay_shattered_shrine
D:9:      layout_loops_ring, chequers_temple_overflow_statue_of_worship,
          minmay_lair_entry_grove, gammafunk_ghost_wrathful_warriors
D:10:     layout_cave_pools, serial_shops, nicolae_shop_overgrown_old_shop,
          kennysheep_cross_room, uniq_urug
D:11:     layout_rooms, serial_aquarium, aquarium_bridge_square
          [aquarium_subvault_bridge, aquarium_subvault_window,
          aquarium_subvault_wall, aquarium_subvault_wall],
          aquarium_bridge_square [aquarium_subvault_window,
          aquarium_subvault_bridge, aquarium_subvault_window,
          aquarium_subvault_window], aquarium_window_1, aquarium_window_fake,
          aquarium_view_2b, aquarium_balcony_double_3, aquarium_pool_split
Lair:1:   layout_gridlike, beast_lair_carwin_4, lemuel_fruit_fields,
          uniq_nergalle, uniq_sonja, uniq_harold
Lair:2:   layout_loops_ring, minmay_shoals_entry_beasts, dummy_spider_entry,
          beast_lair_carwin_3
Lair:3:   layout_cave_pods, grunt_megastairs_2, infiniplex_staircase_pool_2
Lair:4:   layout_concentric_octagons

Skill      XL: |  1  2  3  4  5  6  7  8  9 10 11 12 13 |
---------------+----------------------------------------+-----
Fighting       | 1 2 3 4 5 6 8 10 11 12 | 12.2
Spellcasting   | 3 4 5 6 7 |  7.0
Maces & Flails | 4 9 12 | 12.0
Armour         | 2 3 |  3.9
Dodging        | 4 5 |  5.0
Stealth        | |  1.5

Action                   |  1- 3 |  4- 6 |  7- 9 | 10-12 | 13-15 || total
-------------------------+-------+-------+-------+-------+-------++-------
Melee: Dagger            |       |    12 |    22 |       |       ||    34
       Whip              |       |       |   204 |       |       ||   204
       Demon whip        |       |       |     2 |   333 |    85 ||   420
       Punch             |       |       |     2 |     7 |     2 ||    11
 Cast: Magic Dart        |    77 |    59 |    47 |    21 |    10 ||   214
       Call Imp          |     2 |    16 |    11 |    24 |     9 ||    62
       Slow              |     1 |     2 |       |     1 |       ||     4
       Scorch            |       |    33 |   135 |   131 |    13 ||   312
       Blink             |       |     2 |     4 |     1 |       ||     7
       Mephitic Cloud    |       |     2 |     1 |     8 |       ||    11
       Summon Guardian G |       |       |    14 |    18 |     2 ||    34
Invok: Potion Petition   |       |       |       |     1 |       ||     1
Evoke: Wand              |       |       |       |       |     1 ||     1
  Use: Scroll            |       |     5 |     6 |    13 |       ||    24
       Potion            |       |       |       |     2 |       ||     2
 Stab: Distracted        |       |       |       |     1 |     1 ||     2
       Confused          |       |       |       |     1 |       ||     1
Armor: Robe              |     4 |    12 |    13 |       |       ||    29
       Ring mail         |       |       |   109 |   128 |    31 ||   268
Dodge: Dodged            |     6 |    29 |   167 |   162 |    40 ||   404
